Map: Lock & Load

Players

MattBarry

  • Race: Protoss Protoss
  • Spawn Location: 6:00

MattBarry

  • Race: Zerg Zerg

VOD

Have the link to the VOD?

Description

Time

  • Played on: Jan. 2, 2023, 9:34 p.m.
  • Length: 4:06
Show
View Real Time Build Order
Export as new Build Order

MattBarry Protoss 

Build Orders:  

Get SALT Encoding   

  12  0:02  Probe (Chrono Boost)  
  13  0:16  Probe (Chrono Boost)  
  14  0:26  Pylon  
  14  0:30  Probe (Chrono Boost)  
  15  0:51  Probe (Chrono Boost)  
  15  0:55  Gateway  
  16  1:04  Probe (Chrono Boost)  
  16  1:07  Assimilator  
  17  1:18  Probe (Chrono Boost)  
  18  1:31  Probe (Chrono Boost)  
  18  1:34  Gateway  
  19  1:44  Probe (Chrono Boost)  
  20  1:51  Dark Pylon  
  20  2:01  Cybernetics Core  
  20  2:02  Centurion  
  20  2:09  Probe (Chrono Boost)  
  23  2:39  Pylon  
  23  2:43  Centurion x2  
  23  2:49  Assimilator  
  27  2:51  Warp Gate  
Show
View Real Time Build Order
Export as new Build Order

MattBarry Zerg 

Build Orders:  

Get SALT Encoding   

  18  0:06  Primal Drone  
  19  0:13  Primal Drone  
  19  0:18  Primal Drone  
  21  0:52  Primal Drone x2  
  21  0:53  Primal Drone  
  24  1:12  Primal Drone  
  21  2:04  Primal Drone x2  
  21  2:05  Primal Drone  
  24  2:35  Primal Drone x2  
Tags
 
Commander
DehakaVorazun
Matchup
Co-op
Replay Pack
Multiplayer
Add a new tag
Caveats
  • Supply blocks, unpowered buildings, or Contaminate may cause inaccurate times.
  • Supply counts are checked every 10 seconds.